 Dungeon Crawl Stone Soup version 0.20-a0-876-g2c7b0bf (webtiles) character file.

162 AlphabetPasta the Ruffian (level 5, 0/45 HPs)
             Began as a Hill Orc Transmuter on Mar 14, 2017.
             Succumbed to a scorpion's poison
             ... on level 2 of the Dungeon.
             The game lasted 00:17:29 (4534 turns).

AlphabetPasta the Ruffian (Hill Orc Transmuter)     Turns: 4534, Time: 00:17:30

Health: 0/45       AC:  2    Str: 14    XL:     5   Next: 43%
Magic:  8/8        EV: 12    Int: 13    God:
Gold:   117        SH:  0    Dex: 11    Spells: 5/8 levels left

rFire    . . .     SeeInvis .     - Unarmed
rCold    . . .     Gourm    .   b - +0 robe
rNeg     . . .     Faith    .   (no shield)
rPois    .         Spirit   .   (no helmet)
rElec    .         Reflect  .   (no cloak)
rCorr    .         Harm     .   (no gloves)
MR       +....                  (no boots)
Stlth    +.........             (no amulet)
Regen    0.2/turn               (no ring)
MPRegen  0.2/turn               k - ring of protection from magic

@: lethally poisoned (0 -> -8)
A: no striking features
a: no special abilities


You were on level 2 of the Dungeon.
You were not hungry.

You visited 1 branch of the dungeon, and saw 3 of its levels.

You collected 117 gold pieces.

Inventory:

Missiles
 a - 66 arrows
 f - 18 bolts
Armour
 b - a +0 robe (worn)
Jewellery
 k - a ring of protection from magic (left hand)
Scrolls
 e - a scroll of amnesia
 i - 2 scrolls of remove curse
Books
 c - a book of Changes

   Spells                             Type                      Level
   a - Beastly Appendage              Transmutation                1
   b - Sticks to Snakes               Transmutation                2
   c - Spider Form                    Transmutation/Poison         3
   d - Ice Form                       Ice/Transmutation            4
   e - Blade Hands                    Transmutation                5
Comestibles
 d - a bread ration
 g - a royal jelly
 j - a meat ration


   Skills:
 + Level 3.2 Fighting
 + Level 2.2 Dodging
 * Level 4.7 Unarmed Combat
 + Level 2.1 Spellcasting
 + Level 1.6 Transmutations


You had 5 spell levels left.
You knew the following spells:

 Your Spells              Type           Power        Failure   Level  Hunger
a - Beastly Appendage     Tmut           #.....       14%         1    ##.....
b - Sticks to Snakes      Tmut           #.......     21%         2    ###....


Dungeon Overview and Level Annotations

Branches:
Dungeon (3/15)

Altars:
Cheibriados


Message History

You claw the scorpion, but do no damage.
The scorpion is heavily wounded.
The scorpion stings you.
* * * LOW HITPOINT WARNING * * *
You are poisoned.
The scorpion poisons you!
Your talons disappear.
* * * LOW HITPOINT WARNING * * *
You feel sick.
As you read the scroll labeled KUYLUI RIUHONOM, it crumbles to dust.
It is a scroll of amnesia.
Forget which spell ([?*] list [ESC] exit)?
Your memory of Spider Form unravels.
* * * LOW HITPOINT WARNING * * *
You feel sick. The scorpion stings you!
* * * LOW HITPOINT WARNING * * *
* * * LOW HITPOINT WARNING * * *
You feel sick.
Unknown command.
You die...

#.##.#..... #....##....
####.####.# #........
#...#.#.# #######
#.#...... #.s...#
#.#.###.#
#.###.####.#.....# #@#
#......#.##### #.#
########.....# ######.#
#.......... #......#
#.#######.#
#.###########.#........
#.............#.......#
###.###########.##..###
### #######


You could see a scorpion.

Vanquished Creatures
  Terence (D:2)
  A hound zombie (D:3)
  3 adders (D:3)
  A worm (D:3)
  A dart slug (D:1)
  3 leopard geckos
  2 orcs (D:3)
  4 ball pythons
  4 giant cockroaches
  10 goblins
  9 hobgoblins
  10 jackals
  5 kobolds
  A quokka (D:3)
  5 bats
  9 frilled lizards
  7 rats
76 creatures vanquished.

Vanquished Creatures (collateral kills)
  An adder (D:2)
  A worm (D:2)
2 creatures vanquished.

Grand Total: 78 creatures vanquished

Notes
Turn   | Place    | Note
-------+----------+-------------------------------------------
     0 | D:1      | AlphabetPasta the Hill Orc Transmuter began the quest for the Orb.
     0 | D:1      | Reached XP level 1. HP: 16/16 MP: 3/3
   394 | D:1      | Reached XP level 2. HP: 16/23 MP: 2/4
   404 | D:1      | Learned a level 2 spell: Sticks to Snakes
  1066 | D:1      | Reached XP level 3. HP: 25/29 MP: 3/5
  1968 | D:2      | Noticed Terence
  2299 | D:1      | Reached skill level 4 in Unarmed Combat
  2629 | D:2      | Reached XP level 4. HP: 34/36 MP: 4/6
  2634 | D:2      | Learned a level 3 spell: Spider Form
  2678 | D:2      | Found a snail-covered altar of Cheibriados.
  2892 | D:2      | Killed Terence
  3473 | D:3      | Reached XP level 5. HP: 44/44 MP: 6/8
  4105 | D:3      | Noticed an ice beast
  4531 | D:2      | HP: 1/45 [scorpion (8)]
  4534 | D:2      | Succumbed to a scorpion's poison

Vault maps used:
D:1:      erik_arrival_cave_to_civilisation, lemuel_flame_loot_1
D:2:      old_standard_altar, uniq_terence
D:3:      lightli_corner_chamber

Skill      XL: |  1  2  3  4  5 |
---------------+----------------+-----
Dodging        | 2 |  2.2
Fighting       | 2 3 |  3.2
Unarmed Combat | 4 |  4.7
Spellcasting   | 2 |  2.1
Transmutations | |  1.6

Action                   |  1- 3 |  4- 6 || total
-------------------------+-------+-------++-------
Melee: Unarmed           |   185 |   157 ||   342
       Kick              |    22 |    20 ||    42
       Headbutt          |     6 |     8 ||    14
       Punch             |     2 |     2 ||     4
 Cast: Beastly Appendage |    26 |    21 ||    47
       Sticks to Snakes  |     2 |     4 ||     6
  Use: Scroll            |     6 |     1 ||     7
       Potion            |     3 |       ||     3
  Eat: Chunk             |     6 |     6 ||    12
       Royal jelly       |       |     1 ||     1
Armor: Robe              |    30 |    19 ||    49
Dodge: Dodged            |   141 |    91 ||   232
